AoeStats
← ckick123

Arabia

510854530Analyzed
2v2 RM · 14h ago on Oct 2, 2026· 49m 57s· 4 players
Game mode
Random Map
Map size
Medium (4 player)
Population
200
Speed
Normal
Resources
Standard
Victory
Conquest
Starting age
Dark Age
Ending age
Imperial Age
RankedLock teamsTeams togetherTeam positionsShared explorationLock speedFull tech treeHidden civsTurbo modeCheats
Victory
Defeat
🇹🇷 Chinese · Türkiye
1020
+15
🇹🇷 Tatars · Türkiye
980
+16
🇩🇪 Cumans · Germany
1005
-16
🇩🇪 Spanish · Germany
981
-15
callmemrvain
8:11 Loom
10:23 Feudal Age
11:42 Double-Bit Axe
11:40 Horse Collar
18:47 Wheelbarrow
20:43 Scale Barding Armor
24:08 Forging
24:43 Fletching
25:12 Bloodlines
29:10 Castle Age
27:26 Padded Archer Armor
30:22 Hand Cart
37:20 Scale Mail Armor
37:58 Leather Archer Armor
39:43 Bow Saw
39:55 Elite Skirmisher
41:01 Bodkin Arrow
43:48 Ballistics
44:37 Squires
43:57 Pikeman
47:25 Thumb Ring
48:17 Scale Mail Armor
52:34 Imperial Age
yoloergosum
7:38 Loom
10:29 Feudal Age
11:52 Horse Collar
13:21 Double-Bit Axe
22:46 Gold Mining
25:24 Castle Age
24:32 Bloodlines
25:01 Scale Barding Armor
27:01 Husbandry
34:46 Fletching
44:23 Elite Skirmisher
45:49 Ballistics
48:06 Imperial Age
46:25 Thumb Ring
ckick123
10:45 Feudal Age
11:11 Double-Bit Axe
11:09 Horse Collar
16:14 Loom
24:37 Castle Age
25:57 Bow Saw
25:58 Pikeman
26:39 Squires
33:20 Wheelbarrow
34:02 Heavy Plow
37:09 Imperial Age
35:25 Gold Mining
37:45 Fletching
37:56 Padded Archer Armor
37:22 Elite Skirmisher
39:00 Hand Cart
38:50 Elite Keshik
39:51 Conscription
41:04 Chemistry
40:01 Bodkin Arrow
40:32 Town Watch
41:14 Silk Armor
41:21 Bracer
41:37 Leather Archer Armor
43:29 Ring Archer Armor
44:21 Ballistics
44:39 Scale Barding Armor
45:44 Chain Barding Armor
45:34 Forging
47:47 Plate Barding Armor
47:27 Halberdier
49:19 Iron Casting
NELMAN
0:57 Loom
10:24 Feudal Age
15:25 Double-Bit Axe
19:52 Castle Age
18:50 Fletching
19:01 Padded Archer Armor
22:11 Bodkin Arrow
23:08 Thumb Ring
22:24 Crossbowman
24:13 Wheelbarrow
24:34 Leather Archer Armor
25:35 Ballistics
27:27 Forging
30:07 Hand Cart
32:03 Scale Barding Armor
32:49 Bow Saw
32:21 Horse Collar
35:45 Imperial Age
35:15 Husbandry
35:26 Bloodlines
35:37 Chain Barding Armor
35:53 Iron Casting
35:55 Arbalester
36:50 Bracer
39:09 Ring Archer Armor
39:39 Blast Furnace
39:41 Chemistry
38:37 Murder Holes
38:35 Stone Mining
38:49 Heavy Plow
40:21 Two-Man Saw
43:07 Conscription
43:13 Rocketry
42:47 Elite Chu Ko Nu
Connection lost

Rejoining the realm…

Still unreachable

The connection could not be restored.

Session expired

The server has moved on; the page needs a fresh start.